 Dungeon Crawl Stone Soup version 0.32-a0-468-g38b2580584 (webtiles) character file.

Game seed: 13741263032510178875

154 Ruich the Changeling (level 5, -2/33 HPs)
             Began as an Octopode Shapeshifter on Feb 24, 2024.
             Slain by Natasha (8 damage)
             ... on level 2 of the Dungeon.
             The game lasted 00:05:32 (2726 turns).

Ruich the Changeling (Octopode Shapeshifter)        Turns: 2726, Time: 00:05:32

Health: -2/33      AC:  1    Str: 15    XL:     5   Next: 35%
Magic:  4/5        EV: 13    Int: 13    God:
Gold:   107        SH:  0    Dex: 11    Spells: 3/4 levels left

rFire   . .          .
                       - Unarmed
rCold   . . .        (no shield)
rNeg    . . .        (helmet currently unavailable)
rPois   .            (no amulet)
rElec   .            e - ring of see invisible
rCorr   .            (no ring)
SInv    +            (no ring)
Will    .....        (no ring)
Stlth   +++          (no ring)
HPRegen 0.25/turn    (no ring)
MPRegen 0.09/turn    (no ring)
                     (no ring)

%: no passive effects
@: beast-form, slowed, very slow
A: beast (slay +2), almost no armour, amphibious, 8 rings, camouflage 1,
gelatinous body 1, (nimble swimmer 1), tentacles
a: Begin Untransformation


You were on level 2 of the Dungeon.
You were a hulking beast.
You visited 1 branch of the dungeon, and saw 3 of its levels.

You collected 107 gold pieces.


Innate Abilities, Weirdness & Mutations

You are a hulking beast.
Your limbs bulge with bestial killing power. (Slay +2)
You cannot wear most types of armour.
You are amphibious.
You can wear up to eight rings at the same time.
Your skin changes colour to match your surroundings (Stealth+).
Your rubbery body absorbs attacks. (AC +1, EV +1)
((You are camouflaged when in or above water. (Stealth+)))
You have tentacles for arms and can constrict up to eight enemies at once.


   Skills:
 - Level 1.5 Fighting
 - Level 2.0 Dodging
 - Level 1.5 Stealth
 + Level 3.6 Unarmed Combat
 - Level 3.0 Summonings
 + Level 3.8 Shapeshifting


You had 3 spell levels left.
You knew the following spells:

 Your Spells              Type           Power      Damage    Failure   Level
z - Summon Small Mammal   Summ           28%        N/A       9%          1

Your spell library contained the following spells:

 Spells                   Type           Power      Damage    Failure   Level
 Apportation              Tloc           0%         N/A       30%         1
 Necrotise                Necr           0%         1d4       30%         1
 Sting                    Conj/Alch      0%         1d3       30%         1
 Lesser Beckoning         Tloc           0%         N/A       43%         2
 Gell's Gravitas          Tloc           0%         N/A       67%         3
 Teleport Other           Tloc           0%         N/A       67%         3

Inventory:

Jewellery
 e - a ring of see invisible (left tentacle)
Talismans
 b - a beast talisman (active)
 c - a flux talisman
Scrolls
 f - a scroll of identify {unknown}
 g - a scroll of teleportation {unknown}
 k - 2 scrolls of fear {unknown}
Potions
 a - 2 potions of lignification
 d - 2 potions of curing {unknown}
 h - a potion of magic {unknown}
 i - a potion of attraction {unknown}
 j - 3 potions of degeneration {unknown}
 l - a potion of cancellation {unknown}

Dungeon Overview and Level Annotations

Branches:
Dungeon (3/15)

Altars:

Annotations:
D:2 Natasha

#.# #..####.# #.# #.# #..####.#
#.##### #.# #....##.# #.....#
#.#########.##.##.# ###.###..
#...........##.##รท# #.).# #..
#############....)<.# #.#.###.#
..# ##.##)#### #.#...(.# #.#
###.#.#.# #.###.### #.#
#..###bh########.###.# # #.#
#.#.#.#.h.>)..)......### #.#
#.##.##.#######......... #.#
#.#####.# #..##..###
#.########.#####.#######.........
#.........................##..###
##########.#.####.####.#......#
#.#.####........#.#.##
#.....g>..###.###.#.#


You could see Natasha (ally target) and a friendly bat (summoned).


Message History

Natasha barely misses you. The cerulean imp misses you.
You climb upwards.
The cerulean imp disappears in a puff of smoke!
There is a stone staircase leading down here.
Unknown command.
Casting: Summon Small Mammal (safe; 9% risk of failure)
Confirm with . or Enter, or press ? or * to list all spells.
Natasha claws you.
You tentacle-slap Natasha.
Natasha is lightly wounded.
Natasha casts a spell at you.
* * * LOW HITPOINT WARNING * * *
You tentacle-slap Natasha.
Natasha is moderately wounded.
Natasha stares at you and mumbles some strange words.
* * * LOW HITPOINT WARNING * * *
Natasha closely misses you.
You feel yourself speed up.
Your rat bites Natasha but does no damage.
Natasha claws your rat.
Your rat dies!
Your rat's corpse disappears in a puff of smoke!
Natasha casts a spell at you.
You feel yourself slow down.
Casting: Summon Small Mammal (safe; 9% risk of failure)
Confirm with . or Enter, or press ? or * to list all spells.
Natasha mewls in sadness.
Natasha claws you!
You die...
Natasha curls up and begins to purr.

Skill      XL: |  1  2  3  4 |
---------------+-------------+-----
Stealth        | 1 |  1.5
Summonings     | 1 3 |  3.0
Fighting       | |  1.5
Dodging        | |  2.0
Unarmed Combat | |  3.6
Shapeshifting  | |  3.8

Action                     |  1- 3 |  4- 6 || total
---------------------------+-------+-------++-------
  Melee: Unarmed           |    73 |    57 ||   130
         Tentacles         |    10 |    13 ||    23
         Constrict         |    18 |    14 ||    32
         Punch             |     2 |     1 ||     3
   Cast: Summon Small Mamm |       |    15 ||    15
   Stab: Sleeping          |     7 |     3 ||    10
         Distracted        |     1 |     1 ||     2
 Armour: Skin              |    23 |    33 ||    56
  Dodge: Dodged            |    34 |    48 ||    82

Levels and vault maps discovered:
D:1:      wheals_arrival_linesprint, layout_basic, grunt_decor_arrowhead,
          minmay_misc_feat_enclosed, corner_web_ring
D:2:      layout_loops_ring, hex_tiny, minmay_stone_trees_medium, uniq_robin
D:3:      cheibrodos_helix_gallery, layout_rooms, lightli_temple_of_fire,
          shapermc_ecumenical_altar_mp_vishouse, serial_park_tiny_2,
          uniq_natasha

Notes
Turn   | Place    | Note
-------+----------+-------------------------------------------
     0 | D:1      | Ruich the Octopode Shapeshifter began the quest for the
                  | Orb.
     0 | D:1      | Reached XP level 1. HP: 13/13 MP: 1/1
   224 | D:1      | Reached XP level 2. HP: 18/18 MP: 2/2
   326 | D:1      | Reached skill level 1 in Stealth
   564 | D:1      | Reached XP level 3. HP: 17/23 MP: 3/3
  1218 | D:2      | Learned a level 1 spell: Summon Small Mammal
  1394 | D:2      | Reached skill level 1 in Summonings
  1547 | D:2      | Reached XP level 4. HP: 26/28 MP: 4/4
  1580 | D:2      | Noticed Robin
  1585 | D:2      | Reached skill level 2 in Summonings
  1775 | D:1      | Killed Robin
  1928 | D:2      | Reached skill level 3 in Summonings
  1983 | D:2      | Reached XP level 5. HP: 33/33 MP: 5/5
  2230 | D:2      | Identified the +8 war axe of the Vaults {heavy, Str+3}
  2690 | D:3      | Noticed Natasha
  2726 | D:2      | Slain by Natasha

Vanquished Creatures
  Robin (D:1)
  4 gnolls (D:2)
  4 adders
  2 dart slugs
  A ribbon worm (D:2)
  3 ball pythons
  4 endoplasms
  2 giant cockroaches (D:1)
  10 goblins
  7 hobgoblins
  9 kobolds
  2 quokkas (D:2)
  6 bats
  2 frilled lizards (D:1)
  5 rats
62 creatures vanquished.

Vanquished Creatures (collateral kills)
  A ribbon worm (D:3)
1 creature vanquished.

Grand Total: 63 creatures vanquished

Table legend: (Time is in decaauts)
 A = Elapsed time spent in this place.
 B = Non-inter-level travel time spent in this place.
 C = Inter-level travel time spent in this place.
 D = Time resting spent in this place.
 E = Time spent auto-exploring this place.
 F = Levels seen in this place.
 G = Mean time per level.
                   A        B        C        D        E       F      G
               +--------+--------+--------+--------+--------+-----+--------+
         Total |   2729 |   2637 |     92 |    761 |   1337 |   3 |  909.7 |
       Dungeon |   2729 |   2637 |     92 |    761 |   1337 |   3 |  909.7 |
               +--------+--------+--------+--------+--------+-----+--------+

Top non-repeatable levels by time:
     D:1: 1360 daAuts
     D:2: 1214 daAuts
     D:3: 154 daAuts

Table legend:
 A = Non-vault XP
 B = Vault XP
 C = Vault XP percentage of total XP
 D = Non-vault monster count
 E = Vault monster count
 F = Vault count percentage of total count
                 A         B        C        D         E       F
            +---------+---------+-------+---------+---------+-------
      Total |     191 |      29 |  13.2 |      55 |       8 |  12.7
            +---------+---------+-------+---------+---------+-------
        D:1 |      43 |      17 |  28.3 |      28 |       2 |   6.7
        D:2 |     122 |      12 |   9.0 |      21 |       6 |  22.2
        D:3 |      26 |       0 |   0.0 |       6 |       0 |   0.0
            +---------+---------+-------+---------+---------+-------
